dl, lawful male human Archeologist # ----- # ----------- #.<..| # |.........| ##|...-# --------- -.--- |.........| #....|# ?????+?| |...-######################`|.........- #|.(.|# ??+?+? |...|# #|.........| #---|-# ????? |.>.|### #|..........# # ### # :. |...| # ------- #-----.-----# # # # @ ----- ### |......##############`####### # # # #@ # ......| ### ### #### # # ##|.....| # # # -----|-# # ### ......| ###### ###|......# # # |.....| ---------- #-.....|# ## ###### |.....-###### |........| |.{....# #---.-------- ------- # |.........#########......| #|...*......| ##-........| |.....| #|..........| ---------- ------- #...........| ------------ dl the Field Worker Experience level: 4 Strength: 13 Dexterity: 12 Constitution: 12 Intelligence: 15 Wisdom: 16 Charisma: 9 Health: 0(30) Energy: 26(26) Def: 1 Gold: 0 Moves: 2167 Dungeon seed: -NnR2lUFfIPwQo3P Game ID: dl_1523177304 Your Inventory: Weapons a - a blessed +2 bullwhip o - a cursed -1 sling (weapon in hand) s - 5 +0 elven arrows D - a +2 dwarvish mattock (alternate weapon; not wielded) Armor e - an uncursed +0 leather jacket (being worn) y - an uncursed +0 orcish cloak (being worn) Comestibles b - 3 uncursed food rations B - an uncursed tripe ration Rings r - an uncursed ring of free action (on left hand) Tools d - a tinning kit (0:40) f - an uncursed sack C - an uncursed tin whistle Gems n - an uncursed worthless piece of yellowish brown glass q - an uncursed touchstone z - an uncursed worthless piece of red glass N - 10 uncursed rocks Spells and supernatural/magical abilities: Name Level Category Fail Memory z - sleep 1 enchantment 3% 98% B - cure blindness 2 healing 84% 90% W - pray for help -- divine ? -- Your skills at the end: Fighting Skills Weapon Skills pick-axe [Basic] whip [Basic] Spellcasting Skills Final Attributes: You were piously aligned. You were stealthy. You aggravated monsters. You were fast. You had free action. You are dead. Vanquished creatures: a floating eye 2 kittens a dwarf zombie a wererat 2 iguanas a hobbit a giant rat a brown mold a gnome zombie a gecko 3 jackals a kobold a goblin 5 grid bugs a bat 2 lichens a kobold zombie 6 newts 32 creatures vanquished. Voluntary challenges: You were an atheist. You used a wielded weapon 44 times, starting on turn 4. You read items or engraved 15 times, starting on turn 8. You never genocided any monsters. You never polymorphed an object. You never changed form. You used no wishes. You never split a pudding. You wrote Elbereth's name 1 time, starting on turn 1236. You never violated your personal moral code. Dungeon overview: The Dungeons of Doom: levels 1 to 5 Level 1 a long staircase Level 2 a long staircase Level 3 Level 4 a scroll shop Level 5 <- You were here a scroll shop, a fountain History has recorded: On T:1 you entered the Dungeons of Doom to retrieve the Amulet of Yendor! On T:97 you advanced to experience level 2. On T:329 you reached level 2 of The Dungeons of Doom. On T:888 you reached level 3 of The Dungeons of Doom. On T:897 you advanced to experience level 3. On T:1187 you reached level 4 of The Dungeons of Doom. On T:1637 you advanced to experience level 4. On T:1762 you reached level 5 of The Dungeons of Doom. Score breakdown: Gold: 0 ( 0 points) Experience: 4 levels ( 9649 points) Exploration: 5 levels ( 10.00%) ( 8571 points) Discoveries: 13 items ( 4.36%) ( 6265 points) Valuables value: (no points given unless you survive) Artifact value: 0 ( 0 points) Variety of kills: 18 monsters ( 4.72%) ( 6520 points) Turncount: 2167 turns ( -119 points) Survival: died (score multiplied by 80%) Total score: 24708 Latest messages: The sling welds itself to your hand! Never mind. Your sling is welded to your hand! You hear someone cursing shoplifters. Something is written here in the dust. You read: "Closed for inventory". This door is locked. That door is closed. Never mind. As you kick the door, it crashes open! "How dare you break my door?" Nenagh zaps a balsa wand! The wand hits you! Something is written here in the dust. You read: "C|?sed ?or inventory". Nenagh zaps a wand of striking! The wand misses you. Nenagh zaps a wand of striking! The wand hits you! You die... Nenagh takes all your possessions. The sack is empty. Final status: Goodbye dl the Archeologist, killed by a wand... You died in The Dungeons of Doom on dungeon level 5 with 24708 points, and 0 pieces of gold, after 2167 moves. You were level 4 with a maximum of 30 hit points when you died.